| TOP OF THE 1ST |
|
Pittsburgh Pirates batting - Pitching for New York Mets : RHP Matt Laverty
|
|
Pitching: RHP Matt Laverty
|
|
|
Batting: LHB Micah Boshnjaku
|
0-0: Ball 1-0: Foul Ball, location: 2F 1-1: Foul Ball, location: 2F 1-2: Ball 2-2: Foul Ball, location: 2F 2-2: SINGLE (Groundball, 13S, EV 73.1 MPH) (infield hit)
|
|
Batting: RHB Chiel Palstermans
|
0-0: Ball 1-0: Called Strike Micah Boshnjaku is caught stealing 2nd base 2-4 1-1: Foul Ball, location: 2F 1-2: Ground out 4-3 (Groundball, 4M, EV 103.1 MPH)
|
|
Batting: LHB Brad Pepin
|
0-0: Ball 1-0: Swinging Strike 1-1: Ball 2-1: Ball 3-1: Called Strike 3-2: Foul Ball, location: 2F 3-2: Ground out 6-3 (Groundball, 6M, EV 83.1 MPH)
|
| Top of the 1st over - 0 runs, 1 hit, 0 errors, 0 left on base; Pittsburgh 0 - New York 0 |
| BOTTOM OF THE 1ST |
|
New York Mets batting - Pitching for Pittsburgh Pirates : RHP Josh Markham
|
|
Pitching: RHP Josh Markham
|
|
|
Batting: LHB Kevin Bellman
|
0-0: Called Strike 0-1: Ball 1-1: Foul Ball, location: 2F 1-2: Foul Ball, location: 2F 1-2: Foul Ball, location: 2F 1-2: SINGLE (Groundball, 4MS, EV 65.0 MPH) (infield hit)
|
|
Batting: LHB Chris Ringwood
|
0-0: Fielders Choice at 2nd, U6 (Groundball, 4MS, EV 81.9 MPH)
|
|
Batting: SHB Sean Cook
|
0-0: Swinging Strike 0-1: Swinging Strike 0-2: Ball Chris Ringwood steals 2nd base 1-2: Foul Ball, location: 2F 1-2: Ball 2-2: Ball 3-2: SINGLE (Line Drive, 9S, EV 88.1 MPH) Chris Ringwood to third Runner from 3rd tries for Home, SAFE, throw by RF to home
|
|
Batting: RHB Jeff Jank
|
0-0: Grounds into double play, 4-6-3 (Groundball, 4, EV 89.4 MPH)
|
| Bottom of the 1st over - 1 run, 2 hits, 0 errors, 0 left on base; Pittsburgh 0 - New York 1 |
| TOP OF THE 2ND |
|
Pittsburgh Pirates batting - Pitching for New York Mets : RHP Matt Laverty
|
|
Batting: LHB Nick Rooney
|
0-0: Ground out 5-3 (Groundball, 56, EV 104.4 MPH)
|
|
Batting: RHB David Contreras
|
0-0: Ground out 4-3 (Groundball, 4, EV 78.8 MPH)
|
|
Batting: LHB Xavier Pittman
|
0-0: Called Strike 0-1: SINGLE (Line Drive, 4D, EV 95.0 MPH)
|
|
Batting: SHB Jack Andrews
|
0-0: Called Strike Xavier Pittman is caught stealing 2nd base 2-6
|
| Top of the 2nd over - 0 runs, 1 hit, 0 errors, 0 left on base; Pittsburgh 0 - New York 1 |
| BOTTOM OF THE 2ND |
|
New York Mets batting - Pitching for Pittsburgh Pirates : RHP Josh Markham
|
|
Batting: SHB Nelle van den Berg
|
0-0: Called Strike 0-1: SINGLE (Groundball, 25, EV 71.9 MPH) (infield hit)
|
|
Batting: RHB Josh Jones
|
0-0: Ball 1-0: Swinging Strike 1-1: Swinging Strike 1-2: SINGLE (Groundball, 5S, EV 63.8 MPH) (infield hit) Nelle van den Berg to second
|
|
Batting: SHB Billy Encinias
|
0-0: Ball 1-0: Ball 2-0: Bunted foul 2-1: Bunted foul 2-2: Ball 3-2: DOUBLE (Line Drive, 7LM, EV 86.9 MPH) Nelle van den Berg scores Josh Jones to third
|
|
Batting: SHB Luke Robbins
|
0-0: Called Strike 0-1: Swinging Strike 0-2: Strikes out swinging
|
|
Batting: RHB Finn Ross
|
0-0: Ground out 5-3 (Groundball, 56S, EV 83.1 MPH) Josh Jones scores
|
|
Batting: LHB Kevin Bellman
|
0-0: Called Strike 0-1: Ball 1-1: Fly out, F8 (Line Drive, 78M, EV 98.8 MPH)
|
| Bottom of the 2nd over - 2 runs, 3 hits, 0 errors, 1 left on base; Pittsburgh 0 - New York 3 |
| TOP OF THE 3RD |
|
Pittsburgh Pirates batting - Pitching for New York Mets : RHP Matt Laverty
|
|
Batting: SHB Jack Andrews
|
0-0: Called Strike 0-1: Ball 1-1: SINGLE (Groundball, 34D, EV 99.4 MPH)
|
|
Batting: RHB Jason Moss
|
0-0: Called Strike Jack Andrews steals 2nd base 0-1: Ground out 5-3 (Groundball, 56, EV 103.1 MPH)
|
|
Batting: SHB Trevor Weareorwear
|
0-0: Ball 1-0: Ball 2-0: Foul Ball, location: 2F 2-1: Swinging Strike 2-2: Ball 3-2: Foul Ball, location: 2F 3-2: Foul Ball, location: 2F 3-2: Ground out U3 (Groundball, 3L, EV 103.8 MPH) Jack Andrews to third
|
|
Batting: LHB Micah Boshnjaku
|
0-0: Foul Ball, location: 2F 0-1: Ball 1-1: Ground out 4-3 (Groundball, 4, EV 89.4 MPH)
|
| Top of the 3rd over - 0 runs, 1 hit, 0 errors, 1 left on base; Pittsburgh 0 - New York 3 |
| BOTTOM OF THE 3RD |
|
New York Mets batting - Pitching for Pittsburgh Pirates : RHP Josh Markham
|
|
Batting: LHB Chris Ringwood
|
0-0: Foul Ball, location: 2F 0-1: Swinging Strike 0-2: Ball 1-2: Ball 2-2: Ball 3-2: Base on Balls
|
|
Batting: SHB Sean Cook
|
0-0: Called Strike 0-1: Ball 1-1: Foul Ball, location: 2F 1-2: Ground out 5-3 (Groundball, 56S, EV 61.2 MPH) Chris Ringwood to second
|
|
Batting: RHB Jeff Jank
|
0-0: Fly out, F8 (Flyball, 8RM, EV 95.6 MPH)
|
|
Batting: SHB Nelle van den Berg
|
0-0: Foul Ball, location: 2F 0-1: Ball 1-1: Ball 2-1: Fly out, F8 (Line Drive, 8LM, EV 89.4 MPH)
|
| Bottom of the 3rd over - 0 runs, 0 hits, 0 errors, 1 left on base; Pittsburgh 0 - New York 3 |
| TOP OF THE 4TH |
|
Pittsburgh Pirates batting - Pitching for New York Mets : RHP Matt Laverty
|
|
Batting: RHB Chiel Palstermans
|
0-0: Called Strike 0-1: Ground out 6-3 (Groundball, 6, EV 83.1 MPH)
|
|
Batting: LHB Brad Pepin
|
0-0: Ball 1-0: Ball 2-0: Called Strike 2-1: Fly out, F9 (Flyball, 9LD, EV 72.5 MPH)
|
|
Batting: LHB Nick Rooney
|
0-0: Ball 1-0: Called Strike 1-1: Ball 2-1: Foul Ball, location: 2F 2-2: Ball 3-2: Base on Balls
|
|
Batting: RHB David Contreras
|
0-0: Foul Ball, location: 2F 0-1: Ball 1-1: Fly out, F9 (Flyball, 9D, EV 94.4 MPH)
|
| Top of the 4th over - 0 runs, 0 hits, 0 errors, 1 left on base; Pittsburgh 0 - New York 3 |
| BOTTOM OF THE 4TH |
|
New York Mets batting - Pitching for Pittsburgh Pirates : RHP Josh Markham
|
|
Batting: RHB Josh Jones
|
0-0: Swinging Strike 0-1: Ball 1-1: Called Strike 1-2: Strikes out swinging
|
|
Batting: SHB Billy Encinias
|
0-0: Ball 1-0: Foul Ball, location: 2F 1-1: Ball 2-1: DOUBLE (Groundball, 3L, EV 96.9 MPH)
|
|
Batting: SHB Luke Robbins
|
0-0: Foul Ball, location: 2F 0-1: Ground out 6-3 (Groundball, 6MD, EV 98.1 MPH) Billy Encinias to third
|
|
Batting: RHB Finn Ross
|
0-0: Foul Ball, location: 2F 0-1: Swinging Strike 0-2: Foul Ball, location: 2F 0-2: Ball 1-2: Strikes out swinging
|
| Bottom of the 4th over - 0 runs, 1 hit, 0 errors, 1 left on base; Pittsburgh 0 - New York 3 |
| TOP OF THE 5TH |
|
Pittsburgh Pirates batting - Pitching for New York Mets : RHP Matt Laverty
|
|
Pitching: RHP Hugo Valentin
|
|
|
Batting: LHB Xavier Pittman
|
0-0: Called Strike 0-1: Ball 1-1: Ball 2-1: Swinging Strike 2-2: Strikes out swinging
|
|
Batting: SHB Jack Andrews
|
0-0: Called Strike 0-1: Ground out 4-3 (Groundball, 4, EV 85.0 MPH)
|
|
Batting: RHB Jason Moss
|
0-0: Ball 1-0: Called Strike 1-1: Foul Ball, location: 2F 1-2: Ball 2-2: Ball 3-2: Ground out 4-3 (Groundball, 4S, EV 83.8 MPH)
|
| Top of the 5th over - 0 runs, 0 hits, 0 errors, 0 left on base; Pittsburgh 0 - New York 3 |
| BOTTOM OF THE 5TH |
|
New York Mets batting - Pitching for Pittsburgh Pirates : RHP Josh Markham
|
|
Pitching: RHP Curt Campbell
|
|
|
Now at 1B: Chris Pozzi
|
|
|
Now in LF: Brad Pepin
|
|
|
Now in CF: Sammy Roddenberry
|
|
|
Now in RF: Edwin Aguilar
|
|
|
Pinch Hitting: SHB Roberto Magne
|
0-0: Ball 1-0: Called Strike 1-1: Foul Ball, location: 2F 1-2: Ball 2-2: Foul Ball, location: 2F 2-2: Foul Ball, location: 2F 2-2: Strikes out swinging
|
|
Pinch Hitting: RHB Antonio Aranda
|
0-0: Called Strike 0-1: Ball 1-1: Swinging Strike 1-2: Ball 2-2: Ball 3-2: Base on Balls
|
|
Pinch Hitting: RHB Mike Phillips
|
0-0: Ball 1-0: Ball 2-0: Called Strike 2-1: Grounds into double play, 4-6-3 (Groundball, 4, EV 83.8 MPH)
|
| Bottom of the 5th over - 0 runs, 0 hits, 0 errors, 0 left on base; Pittsburgh 0 - New York 3 |
| TOP OF THE 6TH |
|
Pittsburgh Pirates batting - Pitching for New York Mets : RHP Hugo Valentin
|
|
Now at C: Fabiano Perrolas
|
|
|
Now at 2B: Luke Robbins
|
|
|
Now at 3B: Roberto Magne
|
|
|
Now in LF: Jason Larson
|
|
|
Now in CF: Antonio Aranda
|
|
|
Now in RF: Finn Ross
|
|
|
Batting: SHB Trevor Weareorwear
|
0-0: Ball 1-0: Called Strike 1-1: Ball 2-1: Fly out, F8 (Line Drive, 8LD, EV 91.2 MPH)
|
|
Batting: RHB Chris Pozzi
|
0-0: Ball 1-0: Called Strike 1-1: Ball 2-1: Called Strike 2-2: Ball 3-2: Strikes out swinging
|
|
Pinch Hitting: RHB Bubba Tierney
|
0-0: Called Strike 0-1: Ground out 5-3 (Groundball, 5D, EV 78.8 MPH)
|
| Top of the 6th over - 0 runs, 0 hits, 0 errors, 0 left on base; Pittsburgh 0 - New York 3 |
| BOTTOM OF THE 6TH |
|
New York Mets batting - Pitching for Pittsburgh Pirates : RHP Curt Campbell
|
|
Pitching: RHP Antonio Alvarez
|
|
|
Now at SS: Bubba Tierney
|
|
|
Batting: RHB Drtian Thaqi
|
0-0: Ball 1-0: Ball 2-0: Ball 3-0: Called Strike 3-1: Foul Ball, location: 2F 3-2: DOUBLE (Line Drive, 7LS, EV 98.1 MPH)
|
|
Pinch Hitting: RHB Jordan Fairburn
|
0-0: Foul Ball, location: 2F 0-1: SINGLE (Flyball, 6D, EV 82.5 MPH) Drtian Thaqi to third
|
|
Pinch Hitting: RHB Billy Walker
|
0-0: Called Strike 0-1: Swinging Strike 0-2: Foul Ball, location: 2F 0-2: Ball 1-2: Ball 2-2: Strikes out swinging
|
|
Batting: SHB Jason Larson
|
0-0: Foul Ball, location: 2F 0-1: Ball 1-1: Ball 2-1: Ball 3-1: Fly out, F9 (Flyball, 9, EV 83.1 MPH)
|
|
Batting: SHB Luke Robbins
|
0-0: Foul Ball, location: 2F 0-1: Called Strike 0-2: Foul Ball, location: 2F 0-2: SINGLE (Line Drive, 9S, EV 88.1 MPH) Drtian Thaqi scores Jordan Fairburn to second Runner from 2nd tries for 3rd, SAFE, throw by RF made to third
|
|
Batting: RHB Finn Ross
|
0-0: Called Strike 0-1: Called Strike 0-2: Fly out, F7 (Line Drive, 7, EV 96.9 MPH)
|
| Bottom of the 6th over - 1 run, 3 hits, 0 errors, 2 left on base; Pittsburgh 0 - New York 4 |
| TOP OF THE 7TH |
|
Pittsburgh Pirates batting - Pitching for New York Mets : RHP Hugo Valentin
|
|
Pitching: LHP Jonathan Gendron
|
|
|
Now at 1B: Billy Walker
|
|
|
Now at SS: Jordan Fairburn
|
|
|
Pinch Hitting: LHB Chris Salim
|
0-0: Called Strike 0-1: Ball 1-1: Ball 2-1: Foul Ball, location: 2F 2-2: Foul Ball, location: 2F 2-2: Ball 3-2: Foul Ball, location: 2F 3-2: Strikes out swinging
|
|
Batting: LHB Edwin Aguilar
|
0-0: Called Strike 0-1: Ball 1-1: Foul Ball, location: 2F 1-2: Ball 2-2: TRIPLE (Flyball, 89XD, EV 108.1 MPH)
|
|
Pinch Hitting: LHB Jordan de Jesus
|
0-0: Foul Ball, location: 2F 0-1: Foul Ball, location: 2F 0-2: Strikes out looking
|
|
Batting: LHB Xavier Pittman
|
0-0: SINGLE (Line Drive, 34, EV 94.4 MPH) Edwin Aguilar scores
|
|
Batting: RHB Robby Poyfair
|
0-0: Foul Ball, location: 2F 0-1: Fielders Choice at 2nd, 6-4 (Groundball, 56, EV 100.6 MPH)
|
| Top of the 7th over - 1 run, 2 hits, 0 errors, 1 left on base; Pittsburgh 1 - New York 4 |
| BOTTOM OF THE 7TH |
|
New York Mets batting - Pitching for Pittsburgh Pirates : RHP Antonio Alvarez
|
|
Pitching: LHP Tim Wichman
|
|
|
Now at 3B: Jordan de Jesus
|
|
|
Now in LF: Chris Salim
|
|
|
Batting: SHB Roberto Magne
|
0-0: Ground out U3 (Groundball, 3, EV 110.0 MPH)
|
|
Batting: RHB Antonio Aranda
|
0-0: Ball 1-0: Ball 2-0: Ball 3-0: Called Strike 3-1: Base on Balls
|
|
Batting: LHB Fabiano Perrolas
|
0-0: Foul Ball, location: 2F 0-1: Foul Ball, location: 2F 0-2: Strikes out swinging
|
|
Batting: RHB Drtian Thaqi
|
0-0: Ball 1-0: Fielders Choice at 2nd, 6-4 (Groundball, 6, EV 108.1 MPH)
|
| Bottom of the 7th over - 0 runs, 0 hits, 0 errors, 1 left on base; Pittsburgh 1 - New York 4 |
| TOP OF THE 8TH |
|
Pittsburgh Pirates batting - Pitching for New York Mets : LHP Jonathan Gendron
|
|
Batting: LHB Sammy Roddenberry
|
0-0: Fly out, F7 (Flyball, 78D, EV 97.5 MPH)
|
|
Batting: SHB Trevor Weareorwear
|
0-0: DOUBLE (Line Drive, 9LS, EV 102.5 MPH)
|
|
Batting: RHB Chris Pozzi
|
0-0: Ball 1-0: Ball 2-0: Called Strike 2-1: Called Strike 2-2: Ball 3-2: Strikes out looking
|
|
Batting: RHB Bubba Tierney
|
0-0: Called Strike 0-1: Swinging Strike 0-2: Ball 1-2: Strikes out swinging
|
| Top of the 8th over - 0 runs, 1 hit, 0 errors, 1 left on base; Pittsburgh 1 - New York 4 |
| BOTTOM OF THE 8TH |
|
New York Mets batting - Pitching for Pittsburgh Pirates : LHP Tim Wichman
|
|
Pitching: RHP Rogelio Nunez
|
|
|
Batting: RHB Jordan Fairburn
|
0-0: SOLO HOME RUN (Flyball, 7D, EV 96.9 MPH), Distance : 395 ft
|
|
Batting: RHB Billy Walker
|
0-0: Called Strike 0-1: Ball 1-1: Foul Ball, location: 2F 1-2: Ball 2-2: Foul Ball, location: 2F 2-2: Strikes out looking
|
|
Batting: SHB Jason Larson
|
0-0: Ground out 6-3 (Groundball, 4M, EV 81.9 MPH)
|
|
Batting: SHB Luke Robbins
|
0-0: Ball 1-0: Ball 2-0: Called Strike 2-1: Called Strike 2-2: Strikes out swinging
|
| Bottom of the 8th over - 1 run, 1 hit, 0 errors, 0 left on base; Pittsburgh 1 - New York 5 |
| TOP OF THE 9TH |
|
Pittsburgh Pirates batting - Pitching for New York Mets : LHP Jonathan Gendron
|
|
Pitching: RHP Brian Wood
|
|
|
Batting: LHB Chris Salim
|
0-0: Called Strike 0-1: Foul Ball, location: 2F 0-2: Ball 1-2: Foul Ball, location: 2F 1-2: Foul Ball, location: 2F 1-2: Foul Ball, location: 2F 1-2: Strikes out swinging
|
|
Batting: LHB Edwin Aguilar
|
0-0: Ball 1-0: Ball 2-0: Called Strike 2-1: Called Strike 2-2: Foul Ball, location: 2F 2-2: Foul Ball, location: 2F 2-2: Foul Ball, location: 2F 2-2: Foul Ball, location: 2F 2-2: Strikes out looking
|
|
Batting: LHB Jordan de Jesus
|
0-0: Called Strike 0-1: Foul Ball, location: 2F 0-2: Strikes out swinging
|
| Top of the 9th over - 0 runs, 0 hits, 0 errors, 0 left on base; Pittsburgh 1 - New York 5 |
|